FIQ, neutral male scurrid Tourist I ^ FIQ the Rambler Experience level: 2 Strength: 8 Dexterity: 12 Constitution: 14 Intelligence: 14 Wisdom: 12 Charisma: 15 Health: 8(12) Energy: 5(5) Def: 0 Gold: 305 Moves: 52 Dungeon seed: CZTDPgCpo2CZphYC Game ID: FIQ_1498602134 Your Inventory: Coins $ - 305 gold pieces Weapons a - 54 uncursed +2 darts (in quiver) Armor e - an uncursed +0 Hawaiian shirt (being worn) Comestibles b - 5 uncursed food rations c - 2 uncursed tripe rations d - an uncursed sprig of wolfsbane f - an uncursed fortune cookie g - an uncursed lembas wafer h - an uncursed eucalyptus leaf Scrolls j - 4 uncursed scrolls of magic mapping Potions i - 2 blessed potions of extra healing Wands m - an uncursed wand of secret door detection (0:12) Tools k - an uncursed expensive camera (0:65) l - an uncursed credit card n - an uncursed oil lamp (0:1249) Spells and supernatural/magical abilities: Name Level Category Fail Memory W - pray for help -- divine ? -- Your skills at the end: Miscellaneous Skills wands [Basic] Weapon Skills dart [Basic] Spellcasting Skills Final Attributes: You were devoutly aligned. You were blinded. You had infravision. You were very stealthy. You survived. Vanquished creatures: a dust vortex a kobold zombie 2 creatures vanquished. Voluntary challenges: You went without food. You did not adorn yourself with jewelry or accessories. You did not cause conflict. You were not invisible. You did not have reflection. You were not displaced. You were an atheist. You never hit with a wielded weapon. You did not use tools. You did not use plumbed fixtures. You did not drink any magical draughts. You were illiterate. You never genocided any monsters. You never polymorphed an object. You never changed form. You used no wishes. You never split a pudding. You never wrote Elbereth's name. You never violated your personal moral code. Dungeon overview: The Dungeons of Doom: levels 1 to 17 Level 1 a long staircase Level 2 Level 3 Level 4 Level 5 Level 6 a long staircase Level 7 Level 8 Level 9 Level 10 Level 11 Level 12 Level 13 Level 14 Level 15 Level 16 Level 17 <- You were here History has recorded: On T:1 you entered the Dungeons of Doom to retrieve the Amulet of Yendor! On T:4 you reached level 2 of The Dungeons of Doom. On T:6 you reached level 3 of The Dungeons of Doom. On T:8 you reached level 4 of The Dungeons of Doom. On T:10 you reached level 5 of The Dungeons of Doom. On T:15 you reached level 7 of The Dungeons of Doom. On T:17 you reached level 8 of The Dungeons of Doom. On T:19 you reached level 9 of The Dungeons of Doom. On T:22 you reached level 10 of The Dungeons of Doom. On T:34 you advanced to experience level 2. On T:36 you reached level 11 of The Dungeons of Doom. On T:38 you reached level 12 of The Dungeons of Doom. On T:40 you reached level 13 of The Dungeons of Doom. On T:43 you reached level 14 of The Dungeons of Doom. On T:45 you reached level 15 of The Dungeons of Doom. On T:45 you entered the Rogue tribute level. On T:47 you reached level 16 of The Dungeons of Doom. On T:49 you reached level 17 of The Dungeons of Doom. Score breakdown: Gold: 0 ( 0 points) Experience: 2 levels ( 100 points) Exploration: 17 levels ( 480 points) Discoveries: 0 items ( 0 points) Variety of kills: 2 monsters ( 100 points) Major goal: (nothing yet) ( 0 points) Survival: quit (score multiplied by 3) Total score: 2040 Latest messages: You continue digging downward. You dig a hole through the floor. You fall through... You start digging downward. You continue digging downward. You dig a pit in the floor. You continue digging downward. You dig a hole through the floor. You fall through... You enter what seems to be an older, more primitive world. You start digging downward. You continue digging downward. You dig a pit in the floor. You continue digging downward. You dig a hole through the floor. You fall through... You start digging downward. You continue digging downward. You dig a pit in the floor. You continue digging downward. You dig a hole through the floor. You fall through... You start digging downward. Something touches you! You continue digging downward. You dig a pit in the floor. That command is only available in debug mode. Final status: Aloha FIQ the Tourist, quit... You quit in The Dungeons of Doom on dungeon level 17 with 2040 points, and 305 pieces of gold, after 52 moves. You were level 2 with a maximum of 12 hit points when you quit.